 Dungeon Crawl Stone Soup version 0.19-a0-517-gd6a9987 (webtiles) character file.

95 Aksej the Chopper (level 4, -4/35 HPs)
             Began as a Demonspawn Fighter on June 6, 2016.
             Killed by nerve-wracking pain
             ... invoked by an orc priest
              (13 damage)
             ... on level 3 of the Dungeon.
             The game lasted 00:04:34 (2075 turns).

Aksej the Chopper (Demonspawn Fighter)              Turns: 2075, Time: 00:04:35

Health: -4/35      AC:  9    Str: 22    XL:     4   Next: 39%
Magic:  4/4        EV:  9    Int:  9    God:
Gold:   90         SH:  0    Dex: 13    Spells: 0 memorised, 3 levels left

rFire  . . .     SeeInvis .     a - +0 war axe
rCold  . . .     Gourm    .     b - +0 scale mail
rNeg   . . .     Faith    .     (no shield)
rPois  .         Spirit   .     (helmet restricted)
rElec  .         Dismiss  .     k - +2 cloak
rCorr  .         Reflect  .     (no gloves)
SustAt .         Harm     +     (no boots)
MR     .....                    j - amulet of harm
Stlth  ..........               (no ring)
                                (no ring)

@: mighty, not resistant to hostile enchantments, extremely unstealthy
A: antennae 1
a: no special abilities


You were on level 3 of the Dungeon.
You were not hungry.

You visited 1 branch of the dungeon, and saw 3 of its levels.

You collected 90 gold pieces.

Inventory:

Hand Weapons
 a - a +0 war axe (weapon)
Armour
 b - a +0 scale mail (worn)
 k - a +2 cloak (worn)
Jewellery
 h - a +1 ring of protection {unknown}
 j - an amulet of harm (around neck)
Wands
 o - a wand of slowing (22/48)
Scrolls
 c - a scroll of remove curse
 n - a scroll of magic mapping {unknown}
Potions
 e - a potion of invisibility
Comestibles
 f - a bread ration
 g - 2 chunks of flesh
 l - 2 beef jerkies
 m - 3 meat rations


   Skills:
 - Level 3.0 Fighting
 + Level 4.2 Axes
 - Level 2.6 Armour
   Level 2.6 Shields


You had 3 spell levels left.
You didn't know any spells.

Dungeon Overview and Level Annotations

Branches:
Dungeon (3/15)

Altars:
Dithmenos
Makhleb
Ru


Innate Abilities, Weirdness & Mutations

You have a pair of small antennae on your head.


Message History

The jackal is moderately wounded.
The jackal bites you but does no damage.
The jackal barely misses you.
The orc priest miscasts a cantrip.
You closely miss the jackal.
The jackal is lightly wounded.
The jackal bites you. The jackal barely misses you.
You slash the jackal!
You kill the jackal!
The orc priest invokes the aid of Beogh against you.
Beogh smites you!
Ouch! That really hurt!
The giant gecko bites you.
* * * LOW HITPOINT WARNING * * *
You are too injured to fight recklessly!
You slash the giant gecko!
You kill the giant gecko!
The orc priest mumbles some strange prayers to Beogh against you.
Pain shoots through your body!
You die...

..## #. .# ...#
#.# #.# ..<# #.#
#.# ...# #.# #.#
## ##.#### #.# #.#
..# .....<# #.#
#.###...# ......#
#.####.#......
......#
###......)o.....
......#
#.......@#...>.
......###.########
... .......#...# .
...........#
.##.#..#...# #
#.#.###### ....#
##.#.# #.#.#


You could see an orc priest.

Vanquished Creatures
  3 adders (D:2)
  3 worms (D:2)
  3 giant geckos
  An orc (D:3)
  4 bats
  2 giant cockroaches
  3 goblins
  10 hobgoblins
  6 jackals
  2 ball pythons (D:1)
  3 giant newts
  7 kobolds
  6 rats
53 creatures vanquished.

Notes
Turn   | Place    | Note
--------------------------------------------------------------
     0 | D:1      | Aksej the Demonspawn Fighter began the quest for the Orb.
     0 | D:1      | Reached XP level 1. HP: 18/18 MP: 1/1
    46 | D:1      | Reached skill level 2 in Axes
   240 | D:1      | Gained mutation: You have a pair of small antennae on your head. [demonic ancestry]
   240 | D:1      | Reached XP level 2. HP: 24/24 MP: 2/2
   704 | D:2      | Reached skill level 3 in Axes
   704 | D:2      | Reached XP level 3. HP: 25/29 MP: 3/3
  1655 | D:2      | Reached XP level 4. HP: 34/35 MP: 4/4
  1807 | D:2      | Reached skill level 4 in Axes
  1994 | D:3      | Found a sacrificial altar of Ru.
  2000 | D:3      | Found a burning altar of Makhleb.
  2006 | D:3      | Found a shadowy altar of Dithmenos.
  2075 | D:3      | Killed from afar by an orc priest

Vault maps used:
D:1:      mrwooster_arrival_statue_2, minmay_misc_feat_ornament
D:2:      minivault_14
D:3:      minitemple

Skill      XL: |  1  2  3  4 |
---------------+-------------+-----
Axes           | 2 3 4 |  4.2
Fighting       | |  3.0
Armour         | |  2.6
Shields        | |  2.6

Action                   |  1- 3 |  4- 6 || total
-------------------------+-------+-------++-------
Melee: War axe           |   138 |    30 ||   168
  Use: Scroll            |     6 |     2 ||     8
       Potion            |     1 |     3 ||     4
  Eat: Chunk             |     3 |     1 ||     4
Armor: Scale mail        |    82 |    19 ||   101
Dodge: Dodged            |    84 |    20 ||   104
